← All builds
Tech / Armada / Economy first / OBSERVED BUILD

Standard tech

Armada Tech (Eco) build order · Supreme Isthmus

Rushes T2 by 4:15, gets Advanced Metal Extractor around 5:28, hands off T2 constructors to Geo and the team, then scales eco and supplies the team's T2 needs through the rest of the game.

Usually first T2 con to Geo (83%)

#eco #t2 #team support · 1602 distinct matches · 255 players · 60% of Armada Tech games · team won 53% of 1912 · Recently observed

HOW TO PLAY IT

Key timing: T2 factory by 4:15

  1. Open 3 mex and heavy wind to fund a fast T2 rush.
  2. Put down Bot Lab, planning to eat it for reclaim soon after.
  3. Get Advanced Bot Lab up, hitting the T2 factory rush timing.
  4. Upgrade mex to Advanced Metal Extractor to lock in team metal income.
  5. Eat Advanced Bot Lab and keep sending cons to Geo and Pond.

Phase by phase

TYPICAL OF ITS 1602 GAMES
  1. 1
  2. 2
  3. 3
  4. 4
PLAY THE OPENING

Follow the example game's first 6:00 step by step: what to build now, what comes next, and where it goes. At 1× it keeps pace with your own game.

  1. 1

    Up to the Bot Lab

    Economy
    • Metal Extractor3Mex
    • Wind Turbine4Wind
    Order
    1. Bot LabBot Lab after 3 mex, 4 winddone ~1:18, middle half 1:13–1:32

    Some games also: energy storage (31%)

    By 1:01 in all: 3 mex · 4 wind

    The example game in this phase · 5 steps
    1. Mex ×3
    2. Wind ×2
    3. Energy storage
    4. Wind
    5. Bot LabBot Labdone 1:27 · typical 1:18
  2. 2

    Bot Lab to Advanced Bot Lab

    Economy
    • Metal Extractor1Mex
    • Wind Turbine8Wind
    • Energy Storage1Energy storage
    Order
    1. Advanced Bot LabAdvanced Bot Lab after 4 mex, 12 wind, 3 con turretdone ~4:16, middle half 4:04–4:30
    Builders
    • Construction Turret3 Con turret
    • Lazarus3 Lazarus
    • Construction Bot2 Con bot
    • Construction Bot1 Con bot for allies

    Some games also: converter (36%)

    By 3:18 in all: 4 mex · 12 wind · 1 energy storage · 3 con turret

    The example game in this phase · 25 steps
    1. LazarusLazarus
    2. Wind ×2
    3. LazarusLazarus
    4. Wind
    5. LazarusLazarus
    6. Construction BotCon bot
    7. Wind ×3
    8. Construction BotCon bot
    9. Wind
    10. Construction BotCon bot
    11. Wind
    12. Con turret
    13. Wind
    14. Mex
    15. Con turret
    16. Construction BotCon botfor Air
    17. Converter
    18. Wind
    19. Con turret
    20. Energy storage
    21. Wind ×4
    22. Converter ×2
    23. Wind ×8
    24. Converter
    25. Advanced Bot LabAdvanced Bot Labdone 5:00 · typical 4:16
  3. 3

    Advanced Bot Lab to 5:00

    Economy
    • Wind Turbine3Wind
    Order
    1. Bot LabEat Bot Lab
    Builders
    • Advanced Construction Bot1 T2 con bot for allies

    Some games also: converter (35%)

    By 5:00 in all: 4 mex · 15 wind · 1 converter · 1 energy storage · 3 con turret

    The example game in this phase · 8 steps
    1. Converter
    2. Wind
    3. Converter
    4. Bot LabEat Bot Labreclaimed for its metal
    5. Wind
    6. Converter
    7. Wind
    8. Converter ×2
  4. 4

    5:00 to 10:00

    Economy
    • Wind Turbine43Wind
    • Energy Converter6Converter
    Builders
    • Butler9 Butler
    • Advanced Construction Bot4 T2 con bot for allies
    • Advanced Construction Bot1 T2 con bot

    Some games also: con turret (43%) · Butler for allies (37%)

    By 10:00 in all: 4 mex · 58 wind · 8 converter · 1 energy storage · 3 con turret

    The example game in this phase · 203 steps
    1. FatboyFatboyfor Ponddone 5:25
    2. Wind
    3. Converter
    4. Advanced Construction BotT2 con botfor Air
    5. Wind
    6. Converter
    7. Wind
    8. Advanced Metal ExtractorT2 mexdone 6:27 · typical 5:29
    9. Converter
    10. Advanced Metal ExtractorT2 mex
    11. Wind
    12. Advanced Metal ExtractorT2 mex
    13. Converter ×2
    14. Advanced Construction BotT2 con botfor Pond
    15. Converter
    16. Advanced Construction BotT2 con botfor unknown
    17. Converter
    18. Advanced Construction BotT2 con botfor Beach sea
    19. Converter ×4
    20. ButlerButler ×3
    21. Wind
    22. ButlerButler
    23. Advanced Construction BotT2 con bot
    24. Wind
    25. ButlerButler
    26. Wind
    27. ButlerButler
    28. Wind
    29. ButlerButler
    30. Windfor Geo
    31. Wind
    32. Windfor Geo
    33. ButlerButler
    34. Wind
    35. Windfor Geo
    36. ButlerButler
    37. Wind
    38. Windfor Geo
    39. ButlerButler
    40. Wind
    41. Windfor Geo
    42. Wind
    43. ButlerButler
    44. Wind
    45. Windfor Geo
    46. Wind
    47. Advanced Metal ExtractorT2 mex
    48. ButlerButler
    49. Windfor Geo
    50. Wind ×3
    51. ButlerButler
    52. Wind ×2
    53. ButlerButler
    54. Wind
    55. ButlerButler
    56. Wind ×2
    57. ButlerButler
    58. Converter
    59. Wind ×3
    60. Windfor Geo
    61. Wind
    62. ButlerButler
    63. Wind
    64. Converter
    65. Advanced Construction BotT2 con botfor Geo
    66. Wind
    67. Windfor Geo
    68. Wind ×2
    69. Converter
    70. Windfor Geo
    71. Wind ×2
    72. Converter
    73. Wind
    74. Windfor Geo
    75. Wind
    76. ButlerButlerfor Geo
    77. Wind
    78. Converter
    79. Wind ×2
    80. Windfor Geo
    81. Fusion ReactorFusiondone 12:35
    82. Wind ×4
    83. Converter
    84. Wind
    85. ButlerButlerfor Geo
    86. Wind ×2
    87. Converter
    88. Wind ×4
    89. Converter
    90. Wind ×6
    91. Converter
    92. Wind ×4
    93. Converter
    94. Wind ×4
    95. Converter
    96. Wind ×5
    97. Converter
    98. Wind ×7
    99. Converter
    100. Wind ×5
    101. Converter
    102. Wind ×8
    103. Converter
    104. ButlerButlerfor Pond
    105. Wind ×6
    106. ButlerButlerfor Pond
    107. Wind
    108. Converter
    109. Wind ×4
    110. ButlerButlerfor Pond
    111. Wind
    112. Converter
    113. Wind ×7
    114. Converter
    115. Wind ×6
    116. Converter
    117. Wind ×6
    118. Converter
    119. Wind
    120. Advanced Bot LabEat Advanced Bot Labreclaimed for its metal
    121. Wind ×7
    122. Converter
    123. Wind ×7
    124. Converter
    125. Wind ×4
    126. Fusion ReactorFusion
    127. Wind
    128. Con turret
    129. Wind ×2
    130. Converter
    131. Wind ×6
    132. Con turret
    133. Wind ×2
    134. Converter
    135. Wind ×6
    136. Converter
    137. Wind ×6
    138. Converter
    139. Wind ×6
    140. Converter
    141. Wind ×6
    142. Converter
    143. Wind ×7
    144. Converter
    145. Wind ×2
    146. Converter
    147. Wind ×2
    148. Converter
    149. Wind ×2
    150. Converter
    151. Wind ×3
    152. Fusion ReactorFusion
    153. Converter
    154. Wind ×2
    155. Converter
    156. Wind ×3
    157. Con turret
    158. Converter
    159. Wind
    160. Converter
    161. Wind ×5
    162. Converter ×2
    163. Wind ×4
    164. Converter ×2
    165. Wind ×5
    166. Converter
    167. Wind
    168. Converter
    169. Con turret
    170. Wind ×3
    171. CitadelAnti-nukenot finished by 15:00
    172. Converter
    173. Wind ×2
    174. Converter
    175. Wind ×4
    176. Converter ×2
    177. Con turret ×2
    178. Wind ×3
    179. Converter
    180. Wind ×2
    181. Converter
    182. Wind ×4
    183. Converter ×2
    184. Con turret
    185. Wind ×5
    186. Con turret
    187. Wind
    188. Converter
    189. Wind ×3
    190. Con turret
    191. Converter
    192. Wind
    193. Converter
    194. Wind ×2
    195. Con turret
    196. Wind
    197. Converter ×2
    198. Wind
    199. Con turret
    200. Converter
    201. Wind ×2
    202. Converter ×2
    203. Wind

Counts are medians over the build's games: half of them build more, half fewer. The example game is Ihatesea's (30 OS, 11/10/2026); pick another.

Team trades

IN AT LEAST 30% OF ITS GAMES

You hand over

  • Construction Bot1 Con bot to Airfirst at 2:23 · in 84% of games
  • Advanced Construction Bot5 T2 con bot to Air or Geo sea or Pondfirst at 4:50 · in 99% of games
  • Butler2 Butler to Geo sea or Beach sea or Pondfirst at 9:06 · in 42% of games

You get

  • Hercules1 Light transport from Airfirst at 4:01 · in 86% of games

How it plays out

Typical game of this build, running totals by minute

Metal produced

020k40k
0:005:0010:0015:00

metal

Enemy metal destroyed

050100150
0:005:0010:0015:00

metal

Own metal lost

050100150
0:005:0010:0015:00

metal

1912 games.

Show as table
ByMetal produced: This buildEnemy metal destroyed: This buildOwn metal lost: This build
1:0038300
2:0091500
3:00165200
4:00314400
5:00484800
6:00579900
7:00722700
8:00906500
9:001118000
10:001352000
11:001624200
12:001965200
13:002343000
14:0027286074
15:0031503108130
WHAT THE NUMBERS SAY

Standard Tech play barely fights at all early, instead pouring metal into T2 infrastructure and constructors for the team.

  • + Metal produced hits 31679 by 15:00, by far the highest of any role here.
  • + T2 factory reached in 97% of games by 4:15, fastest and most reliable T2 timing.
  • − Enemy metal destroyed stays at 0 through 10:00, no early offense at all.
  • − Own metal lost also near 0, showing total avoidance of combat risk.
THE EXAMPLE YOU ARE READING

Ihatesea

30.4 OS · 11/10/2026

Open source match ↗

2 received units
3179 metal received · 101239 energy received

Allied construction assistance is unknown. Timings are observations, not a promise of solo reproducibility.

Typical milestones

Bot Lab1:18Middle 50%: 1:13–1:32 · n=1912
Advanced Bot Lab4:16Middle 50%: 4:04–4:30 · n=1905
Advanced Metal Extractor5:29Middle 50%: 5:05–5:59 · n=1908

Played most by

Amrissa97games of this buildTheGeneraI70games of this buildAdeus57games of this buildEl_Turco55games of this buildKOT_44games of this build